 Dungeon Crawl Stone Soup version 0.21-a0-94-gdd6ab6a (webtiles) character file.

22 sagitran the Bolt Thrower (level 2, -1/20 HPs)
             Began as a Gnoll Wanderer on July 3, 2017.
             Killed from afar by a dart slug (7 damage)
             ... with a slug dart
             ... on level 1 of the Dungeon.
             The game lasted 00:05:41 (1089 turns).

sagitran the Bolt Thrower (Gnoll Wanderer)          Turns: 1089, Time: 00:05:42

Health: -1/20      AC:  6    Str:  9    XL:     2   Next: 91%
Magic:  2/5        EV:  9    Int: 13    God:
Gold:   46         SH:  0    Dex: 14    Spells: 4/6 levels left

rFire    . . .     SeeInvis .   d - +0 dagger
rCold    . . .     Gourm    .   (no shield)
rNeg     . . .     Faith    .   b - +0 ring mail
rPois    .         Spirit   .   h - +0 helmet
rElec    .         Reflect  .   (no cloak)
rCorr    .         Harm     .   (no gloves)
MR       .....                  (no boots)
Stlth    +.........             (no amulet)
HPRegen  0.06/turn              (no ring)
MPRegen  0.09/turn              (no ring)

@: very slightly contaminated
A: short attention span, fangs 1, strong nose
a: no special abilities


You were on level 1 of the Dungeon.
You were not hungry.

You visited 1 branch of the dungeon, and saw 1 of its levels.

You collected 46 gold pieces.

Inventory:

Hand Weapons
 d - a +0 dagger (weapon)
Missiles
 e - 38 stones (quivered)
Armour
 b - a +0 ring mail (worn)
 h - a +0 helmet (worn)
Potions
 j - a potion of degeneration {unknown}
Books
 a - a book of Maledictions

   Spells                             Type                      Level
   a - Corona                         Hexes                        1
   b - Ensorcelled Hibernation        Hexes/Ice                    2
   c - Confuse                        Hexes                        3
   d - Tukima's Dance                 Hexes                        3
   e - Dazzling Spray                 Conjuration/Hexes            3
 c - Myggiso's Handbook of Heat

   Spells                             Type                      Level
   a - Flame Tongue                   Conjuration/Fire             1
   b - Conjure Flame                  Conjuration/Fire             3
Comestibles
 f - a bread ration
 g - a royal jelly
 i - a meat ration


   Skills:
 + Level 0.4 Fighting
 + Level 0.4 Short Blades
   Level 4.8 Crossbows
 + Level 2.2 Throwing
 + Level 1.4 Armour
 + Level 0.4 Dodging
 + Level 2.9 Spellcasting
 + Level 0.9 Conjurations
 + Level 3.5 Hexes
 + Level 3.4 Fire Magic
   Level 1.7 Evocations


You had 4 spell levels left.
You knew the following spells:

 Your Spells              Type           Power        Failure   Level  Hunger
a - Flame Tongue          Conj/Fire      #....        26%         1    #......
b - Corona                Hex            ##.....      16%         1    #......


Dungeon Overview and Level Annotations

Branches:
Dungeon (1/15)

Altars:


Innate Abilities, Weirdness & Mutations

You have a short attention span.
You have very sharp teeth.
Your uncanny sense of smell can sniff out nearby items.


Message History

The dart slug is heavily wounded.
The frilled lizard closely misses you.
Press: ? - help, v - describe, . - travel
Here: a dart slug (heavily wounded)
The floor.
You hit the dart slug but do no damage.
The dart slug is heavily wounded.
The frilled lizard bites you. The dart slug bites you.
* * * LOW HITPOINT WARNING * * *
Casting: Flame Tongue
Confirm with . or Enter, or press ? or * to list all spells.
Aiming: Flame Tongue
Press: ? - help, Shift-Dir - straight line, f/p - dart slug
Aim: a dart slug (heavily wounded)
You miscast Flame Tongue.
Nothing appears to happen.
The frilled lizard unfolds its giant frill.
The frilled lizard barely misses you. The dart slug launches a dart at you.
The slug dart hits you!
You die...

### #.. #.# #.# #.#
##.##
##########...######
##
#.........>@w.....#
.#
#.########..l####.#
.# ##.## ##.##
.####(..# #.#
......#..# #.#
.........# #.#
..#####..# #.# ..#
..# #.# ..# .... #.


You could see a dart slug and a frilled lizard.

Vanquished Creatures
  A giant cockroach (D:1)
  2 goblins (D:1)
  6 hobgoblins (D:1)
  A kobold (D:1)
  4 bats (D:1)
  2 frilled lizards (D:1)
  4 rats (D:1)
20 creatures vanquished.

Notes
Turn   | Place    | Note
-------+----------+-------------------------------------------
     0 | D:1      | sagitran the Gnoll Wanderer began the quest for the Orb.
     0 | D:1      | sagitran set off with: a book of Maledictions, a +0 ring mail, Myggiso's Handbook of Heat, a +0 dagger, a bread ration
     0 | D:1      | Reached XP level 1. HP: 13/13 MP: 3/3
     0 | D:1      | Identified Myggiso's Handbook of Heat
     2 | D:1      | Learned a level 1 spell: Flame Tongue
     4 | D:1      | Learned a level 1 spell: Corona
   387 | D:1      | Reached XP level 2. HP: 5/19 MP: 2/5
   827 | D:1      | Reached skill level 1 in Armour
  1089 | D:1      | Killed from afar by a dart slug

Vault maps used:
D:1:      dpeg_arrival_tiny_a, minivault_26

Skill      XL: |  1  2 |
---------------+-------+-----
Spellcasting   | 2 |  2.9
Throwing       | 2 |  2.2
Armour         | 1 |  1.4
Fighting       | |  0.4
Short Blades   | |  0.4
Crossbows      | |  4.8
Dodging        | |  0.4
Conjurations   | |  0.9
Hexes          | |  3.5
Fire Magic     | |  3.4
Evocations     | |  1.7

Action                   || total
-------------------------++-------
Melee: Dagger            ||   117
       Bite              ||    10
 Cast: Corona            ||     6
       Flame Tongue      ||    12
  Use: Scroll            ||     1
  Eat: Bread ration      ||     1
Armor: Ring mail         ||    86
Dodge: Dodged            ||    84
